 Dungeon Crawl Stone Soup version 0.29-a0-234-g0dae59b3db (webtiles) character file.

Game seed: 9452869000005880918

4922 inmateoo the Spear-Bearer (level 10, 0/77 HPs)
             Began as a Demonspawn Fighter on Mar 2, 2022.
             Was an Initiate of Gozag.
             Killed from afar by an electric eel (10 damage)
             ... with a bolt of electricity
             ... on level 8 of the Dungeon.
             The game lasted 00:08:37 (9410 turns).

inmateoo the Spear-Bearer (Demonspawn Fighter)      Turns: 9410, Time: 00:08:39

Health: 0/77       AC: 14    Str: 17    XL:     10   Next: 27%
Magic:  10/10      EV: 11    Int: 14    God:    Gozag
Gold:   142        SH: 17    Dex: 12    Spells: 9/9 levels left

rFire   . . .      SeeInvis .   m - +3 spear (venom)
rCold   + . .      Faith    .   w - +0 kite shield
rNeg    . . .      Spirit   .   h - +3 ring mail {rPois}
rPois   +          Reflect  .   (no helmet)
rElec   .          Harm     .   u - +0 cloak
rCorr   .          Rampage  .   (no gloves)
Will    .....                   (no boots)
Stlth   +.........              (no amulet)
HPRegen 0.22/turn               l - ring of protection from cold
MPRegen 0.12/turn               r - +4 ring of protection

@: invisible, very slow
A: hooves 2, large bone plates 3, powered by death 1, spiny 2
a: Renounce Religion, Potion Petition, Call Merchant, Bribe Branch


You were on level 8 of the Dungeon.
You worshipped Gozag.
Gozag was aware of your devotion.
You visited 2 branches of the dungeon, and saw 9 of its levels.

You collected 412 gold pieces.
You spent 176 gold pieces at shops.
You paid 94 gold pieces to Gozag.

Inventory:

Hand Weapons
 a - a +0 spectral trident
 i - a +4 spear of freezing
 m - a +3 spear of venom (weapon)
Missiles
 x - a throwing net (quivered)
Armour
 b - a +0 scale mail
 h - a +3 ring mail of poison resistance (worn)
 n - a +2 robe of the Archmagi
 u - a +0 cloak (worn)
 w - a +0 kite shield (worn)
Jewellery
 k - a ring of wizardry
 l - a ring of protection from cold (left hand)
 r - a +4 ring of protection (right hand)
 s - a ring of protection from cold
 v - the ring of Astunny {*Corrode rF+ Will+ Str+2 Int+4}
   (You bought it in a shop on level 5 of the Dungeon)

   [ring of willpower]

   Str:       It affects your strength (+2).
   Int:       It affects your intelligence (+4).
   rF:        It protects you from fire.
   *Corrode:  It may corrode you when you take damage.
   Will:      It increases your willpower.
Wands
 j - a wand of polymorph (3)
 q - a wand of iceblast (9)
 y - a wand of acid (12)
Scrolls
 c - 2 scrolls of identify
 e - 5 scrolls of teleportation
 o - a scroll of magic mapping
Potions
 d - a potion of might
 f - a potion of haste
 p - a potion of heal wounds
 t - a potion of ambrosia
 z - a potion of flight {unknown}


   Skills:
 + Level 6.9 Fighting
 * Level 8.4 Polearms
 + Level 6.2 Armour
 + Level 5.4 Dodging
 + Level 6.2 Shields


You had 9 spell levels left.
You didn't know any spells.
Your spell library contained the following spells:

 Spells                   Type           Power      Damage    Failure   Level
 Tukima's Dance           Hex            0%         N/A       99%         3
 Passage of Golubria      Tloc           0%         N/A       100%        4
 Yara's Violent Unravell  Hex/Tmut       0%         3d3       100%        5
 Dispersal                Tloc           0%         N/A       100%        6
 Borgnjor's Revivificati  Necr           0%         N/A       100%        8
 Disjunction              Tloc           0%         N/A       100%        8
 Necromutation            Tmut/Necr      0%         N/A       100%        8
 Death's Door             Necr           0%         N/A       100%        9


Dungeon Overview and Level Annotations

Branches:
Dungeon (8/15)             Temple (1/1) D:7            Lair (0/6) D:8

Altars:
Ashenzari
Cheibriados
Dithmenos
Elyvilon
Fedhas
Gozag
Kikubaaqudgha
Makhleb
Nemelex Xobeh
Okawaru
Qazlal
Ru
Sif Muna
Uskayaw
Vehumet
Wu Jian
Xom
Yredelemnul
Zin
The Shining One
Lugonu

Shops:
D:5 *(*(   D:7 *


Innate Abilities, Weirdness & Mutations

You have hoof-like feet.
You are completely covered in large bone plates. (SH +8)
You regenerate a little health from kills.
You are mostly covered in sharp spines.


Message History

An electric eel comes into view.
The electric eel shoots out a bolt of lightning at you!
The bolt of electricity hits the plant!
The plant begins to die.
The bolt of electricity hits the plant!
The plant begins to die.
The bolt of electricity hits you!
An electric eel comes into view.
There are monsters nearby!
You enter the shallow water.
Moving in this stuff is going to be slow.
The electric eel shoots out a bolt of lightning at you!
The bolt of electricity hits the plant!
The bolt of electricity hits you.
The electric eel shoots out a bolt of lightning at you!
The bolt of electricity hits the plant!
The bolt of electricity misses you.
An electric eel comes into view.
The electric eel shoots out a bolt of lightning at you!
The bolt of electricity hits the plant!
The bolt of electricity hits you!
The electric eel shoots out a bolt of lightning at you!
The bolt of electricity hits the plant!
The bolt of electricity hits you!
There are monsters nearby!
Unknown command.
A nearby plant withers and dies. x2
The electric eel shoots out a bolt of lightning at you!
The bolt of electricity hits you.
The electric eel shoots out a bolt of lightning at you!
The bolt of electricity hits you!
* * * LOW HITPOINT WARNING * * *
The electric eel shoots out a bolt of lightning at you!
The bolt of electricity hits you!
* * * LOW HITPOINT WARNING * * *
The electric eel shoots out a bolt of lightning at you!
The bolt of electricity hits you.
* * * LOW HITPOINT WARNING * * *
Okay, then.
You fade into invisibility!
The electric eel shoots out a bolt of lightning at you!
The bolt of electricity misses you.
The electric eel shoots out a bolt of lightning at you!
The bolt of electricity hits you!
You die...
Your body crumbles into a pile of gold.

..##....≈.≈≈≈≈
###.......P≈≈≈S≈
######.##......≈.≈≈≈≈≈≈P.
..........≈.≈≈≈≈P≈≈≈≈≈≈P.
≈$≈≈≈..≈≈.≈≈≈≈≈≈≈≈≈≈.≈≈..
≈≈≈≈≈≈≈.≈≈P≈≈≈≈≈≈≈≈≈SP≈..
≈≈≈≈≈≈≈≈≈≈≈≈≈≈≈≈≈S.≈≈≈...
≈≈≈≈≈≈≈≈≈≈≈≈≈≈≈≈≈≈≈≈≈....
≈P≈≈.P≈≈≈≈.≈≈...@≈≈≈....#
≈...≈.....≈..≈.........##
......###......#########
####..# ######.#
####.#########.#######
......................
######################


You could see 3 electric eels.

Vanquished Creatures
  2 death yaks (D:7)
  Pikel (D:5)
  A troll (D:7)
  Sigmund (D:2)
  Eustachio (D:6)
  Menkaure (D:7)
  A water moccasin (D:7)
  Duvessa (D:3)
  A black bear (D:6)
  An orc warrior (D:6)
  4 ogres
  2 ice beasts
  3 lemures
  A phantom (D:5)
  3 centaurs
  Blork the orc (D:6)
  2 bullfrogs (D:7)
  A necrophage (D:6)
  Dowan (D:3)
  5 killer bees (D:8)
  2 electric eels (D:8)
  4 jellies
  4 hounds
  Crazy Yiuf (D:6)
  2 gnoll shamans
  3 orc priests
  5 iguanas
  4 orc wizards
  12 gnolls
  3 adders
  A white imp (D:8)
  An ufetubus (D:6)
  3 dart slugs
  24 orcs
  3 ball pythons
  9 endoplasms
  4 giant cockroaches
  5 goblins
  10 hobgoblins
  5 quokkas
  5 bats
  3 kobolds
  7 rats
154 creatures vanquished.

Vanquished Creatures (others)
  4 fungi (D:6)
  6 plants (D:8)
10 creatures vanquished.

Grand Total: 164 creatures vanquished

Notes
Turn   | Place    | Note
-------+----------+-------------------------------------------
     0 | D:1      | inmateoo the Demonspawn Fighter began the quest for the
                  | Orb.
     0 | D:1      | Reached XP level 1. HP: 18/18 MP: 1/1
   121 | D:1      | Reached skill level 2 in Polearms
   212 | D:1      | Gained mutation: You regenerate a little health from kills.
                  | [demonic ancestry]
   212 | D:1      | Reached XP level 2. HP: 17/24 MP: 2/2
  1096 | D:2      | Gained mutation: You are partially covered in large bone
                  | plates. (SH +4) [demonic ancestry]
  1096 | D:2      | Reached XP level 3. HP: 17/29 MP: 3/3
  1710 | D:2      | Found a faded altar of an unknown god.
  1945 | D:2      | Noticed Sigmund
  2001 | D:2      | Killed Sigmund
  2002 | D:2      | Reached skill level 3 in Polearms
  2002 | D:2      | Reached skill level 1 in Dodging
  2002 | D:2      | Reached XP level 4. HP: 25/37 MP: 4/4
  2002 | D:2      | Gained mutation: You have large cloven feet. [demonic
                  | ancestry]
  2002 | D:2      | Reached XP level 5. HP: 28/42 MP: 5/5
  2647 | D:3      | Found an ornate altar of the Wu Jian Council.
  2652 | D:3      | Found a broken altar of Ashenzari.
  2657 | D:3      | Gained mutation: You are partially covered in sharp spines.
                  | [demonic ancestry]
  2657 | D:3      | Reached XP level 6. HP: 48/48 MP: 6/6
  2947 | D:4      | Noticed Duvessa
  2947 | D:4      | Noticed Dowan
  2976 | D:3      | Killed Duvessa
  2977 | D:3      | Reached skill level 4 in Polearms
  2978 | D:3      | Killed Dowan
  3297 | D:4      | Gained mutation: You have hoof-like feet. [demonic
                  | ancestry]
  3297 | D:4      | Reached XP level 7. HP: 54/54 MP: 7/7
  4096 | D:5      | Entered Level 5 of the Dungeon
  4115 | D:5      | Found Beggevu's Weapon Emporium.
  4242 | D:5      | Found Cysywar's General Store.
  4344 | D:5      | Reached skill level 5 in Polearms
  4591 | D:5      | Found Ojulumac's Assorted Antiques.
  4594 | D:5      | Bought a scroll labelled IFOF XETIATIRI for 22 gold pieces
  4594 | D:5      | Bought a glittering brass ring for 110 gold pieces
  4594 | D:5      | Identified the ring of Astunny {*Corrode rF+ Will+ Str+2
                  | Int+4} (You bought it in a shop on level 5 of the Dungeon)
  4594 | D:5      | Bought a scroll of identify for 44 gold pieces
  4711 | D:5      | Found Qudoofig's Weapon Boutique.
  4800 | D:5      | Gained mutation: You are mostly covered in large bone
                  | plates. (SH +6) [demonic ancestry]
  4800 | D:5      | Reached XP level 8. HP: 35/61 MP: 8/8
  5363 | D:6      | Noticed Pikel
  5365 | D:6      | Reached skill level 5 in Fighting
  5497 | D:5      | Killed Pikel
  5498 | D:5      | Reached skill level 6 in Polearms
  5593 | D:6      | Reached skill level 5 in Shields
  5833 | D:6      | Noticed Blork the orc
  5842 | D:6      | Killed Blork the orc
  5911 | D:6      | Noticed Eustachio
  5922 | D:6      | Reached skill level 5 in Armour
  5922 | D:6      | Gained mutation: You are mostly covered in sharp spines.
                  | [demonic ancestry]
  5922 | D:6      | Reached XP level 9. HP: 68/68 MP: 9/9
  5928 | D:6      | Killed Eustachio
  6465 | D:6      | Found a runed translucent door.
  6466 | D:6      | Noticed Crazy Yiuf
  6584 | D:6      | Found a snail-covered altar of Cheibriados.
  6676 | D:6      | Reached skill level 7 in Polearms
  6763 | D:6      | Found an ancient bone altar of Kikubaaqudgha.
  7334 | D:6      | Killed Crazy Yiuf
  7404 | D:7      | Found a blossoming altar of Fedhas.
  7471 | D:7      | Found Qicyhon's Fire Supplies.
  7777 | D:7      | Noticed Menkaure
  7784 | D:7      | Killed Menkaure
  7835 | D:7      | Noticed a troll
  7842 | D:7      | Killed a troll
  7895 | D:7      | Found a staircase to the Ecumenical Temple.
  7914 | Temple   | Entered the Ecumenical Temple
  7939 | Temple   | Became a worshipper of Gozag Ym Sagoz the Greedy
  7988 | D:7      | Found an iron altar of Okawaru.
  7997 | D:7      | Found a radiant altar of Vehumet.
  8378 | D:8      | Found a hide-covered altar of Uskayaw.
  8381 | D:8      | Noticed a +0 hand axe
  8382 | D:8      | Noticed a +0 dagger
  8413 | D:8      | Found a staircase to the Lair.
  8413 | D:8      | Noticed a death yak
  8413 | D:8      | Noticed a death yak
  8468 | D:7      | Killed a death yak
  8469 | D:7      | Reached skill level 8 in Polearms
  8469 | D:7      | Reached skill level 5 in Dodging
  8469 | D:7      | Gained mutation: You are completely covered in large bone
                  | plates. (SH +8) [demonic ancestry]
  8469 | D:7      | Reached XP level 10. HP: 28/77 MP: 10/10
  8714 | D:7      | Killed a death yak
  8882 | D:8      | Found a basalt altar of Yredelemnul.
  8888 | D:8      | Found a shimmering blue altar of Sif Muna.
  8893 | D:8      | Found a sacrificial altar of Ru.
  9410 | D:8      | Killed from afar by an electric eel

Illustrated notes

Levels and vault maps discovered:
D:1:      saegor_arrival_under_anarchy, layout_basic,
          nicolae_figureground_sparkle
D:2:      layout_loops_cross, serial_rivers, chequers_serial_rivers_small_b,
          chequers_serial_rivers_room_b, chequers_serial_rivers_small_3,
          chequers_serial_rivers_micro_a, chequers_ecumenical_altar_simple,
          minmay_misc_feat_more_columns, uniq_sigmund
D:3:      layout_basic, grunt_temple_overflow_open, st_stairs_8
D:4:      layout_cave_pods, overflow_temple_1_default, nrook_loot_triangle,
          uniq_duvessa
D:5:      layout_basic, serial_shops, nicolae_shop_stone, nicolae_stop_n_shop_1,
          nicolae_shop_behind_doors, nicolae_shop_bloodbath_and_beyond,
          hangedman_decor_growths
D:6:      layout_layer_cave, cheibriados_altar_1, kennysheep_mini,
          kennysheep_generic_room_6, uniq_eustachio, uniq_pikel,
          uniq_crazy_yiuf_cottage, uniq_blork_the_orc
D:7:      layout_gridville, fedhas_altar_3, mainiacjoe_overflow_big_doors,
          minmay_temple_entry_wispy, nicolae_shop_fire_sale
          [nicolae_sub_dead_trees], uniq_menkaure
D:8:      layout_basic, minmay_overflow_temple_star_quad,
          dancing_weapons_uskayaw, dpeg_lair_monsters, serial_shops,
          nicolae_shop_behind_doors, chequers_big_river,
          minmay_shop_grid_forest, minmay_guarded_unrand_finisher
Temple:   corrupted_temple

Skill      XL: |  1  2  3  4  5  6  7  8  9 10 |
---------------+-------------------------------+-----
Polearms       | 2 3 4 5 6 8 |  8.4
Armour         | 3 4 5 6 |  6.2
Shields        | 3 4 5 6 |  6.2
Dodging        | 1 2 3 4 5 |  5.4
Fighting       | 4 5 6 |  6.9

Action                   |  1- 3 |  4- 6 |  7- 9 | 10-12 || total
-------------------------+-------+-------+-------+-------++-------
Melee: Trident           |    78 |       |       |       ||    78
       Spear             |     8 |    69 |   277 |    38 ||   392
       Kick              |       |    16 |    81 |    20 ||   117
Evoke: Wand              |       |       |     3 |     2 ||     5
  Use: Scroll            |       |     6 |     9 |       ||    15
       Potion            |       |     2 |       |     1 ||     3
Armor: Scale mail        |     3 |       |       |       ||     3
       Ring mail         |    21 |     8 |    66 |     4 ||    99
Dodge: Dodged            |    24 |    11 |    53 |    14 ||   102
Block: Buckler           |    21 |    18 |    71 |       ||   110
       Kite shield       |       |       |    56 |    21 ||    77

Table legend: (Time is in decaauts)
 A = Elapsed time spent in this place.
 B = Non-inter-level travel time spent in this place.
 C = Inter-level travel time spent in this place.
 D = Time resting spent in this place.
 E = Time spent auto-exploring this place.
 F = Levels seen in this place.
 G = Mean time per level.
                   A        B        C        D        E       F      G
               +--------+--------+--------+--------+--------+-----+--------+
         Total |   9401 |   9137 |    264 |   2820 |   4988 |   9 | 1044.6 |
       Dungeon |   9357 |   9111 |    246 |   2820 |   4976 |   8 | 1169.6 |
        Temple |     43 |     25 |     18 |      0 |     12 |   1 |   43.0 |
               +--------+--------+--------+--------+--------+-----+--------+

Top non-repeatable levels by time:
     D:6: 1662 daAuts
     D:5: 1621 daAuts
     D:1: 1545 daAuts
     D:7: 1312 daAuts
     D:3: 871 daAuts
     D:4: 857 daAuts
     D:2: 844 daAuts
     D:8: 641 daAuts
  Temple: 43 daAuts
